 Dungeon Crawl Stone Soup version 0.31-a0-1317-gdfb52cbc09 (webtiles) character file.

Game seed: 9743156019214089978

979 senseless the Conjurer (level 7, -2/53 HPs)
             Began as a Demonspawn Conjurer on Dec 20, 2023.
             Was an Initiate of Vehumet.
             Killed by divine providence
             ... invoked by an orc priest
              (13 damage)
             ... on level 6 of the Dungeon.
             The game lasted 00:15:02 (6079 turns).

senseless the Conjurer (Demonspawn Conjurer)        Turns: 6079, Time: 00:15:02

Health: -2/53      AC:  9    Str:  7    XL:     7   Next: 96%
Magic:  6/23       EV: 18    Int: 20    God:    Vehumet [......]
Gold:   139        SH:  0    Dex: 12    Spells: 4/15 levels left

rFire   . . .        m - +1 short sword
rCold   . . .        (no shield)
rNeg    . . .        a - +1 robe
rPois   .            (no helmet)
rElec   .            (no cloak)
rCorr   .            (no gloves)
SInv    .            n - +0 pair of boots
Will    .....        (no amulet)
Stlth   ++           c - +4 ring of protection
HPRegen 0.28/turn    u - ring of magical power
MPRegen 0.18/turn

%: no passive effects
@: agile, very slightly contaminated
A: claws 2, rugged brown scales 1, powered by pain 1
a: Renounce Religion


You were on level 6 of the Dungeon.
You worshipped Vehumet.
Vehumet was noncommittal.
You visited 2 branches of the dungeon, and saw 7 of its levels.

You collected 139 gold pieces.

Inventory:

Hand Weapons
 m - a +1 short sword (weapon)
 r - a +1 whip of electrocution
 t - a +4 flail
Armour
 a - a +1 robe (worn)
 n - a +0 pair of boots (worn)
 v - an orb of energy
Jewellery
 c - a +4 ring of protection (left claw)
 i - a +6 ring of dexterity
 u - a ring of magical power (right claw)
Wands
 f - a wand of light (9)
Scrolls
 b - a scroll of amnesia
 d - a scroll of enchant weapon
 o - 2 scrolls of noise
Potions
 e - a potion of brilliance
 g - a potion of heal wounds
 h - a potion of invisibility
 j - a potion of lignification
 k - a potion of experience {unknown}
 l - a potion of degeneration {unknown}


   Skills:
 * Level 3.2 Fighting
 + Level 4.2 Dodging
 - Level 1.7 Stealth
 * Level 4.8 Spellcasting
 + Level 5.7 Conjurations
 + Level 1.9 Translocations
 + Level 2.1 Alchemy


You had 4 spell levels left.
You knew the following spells:

 Your Spells              Type           Power      Damage    Failure   Level
a - Magic Dart            Conj           100%       1d8       1%          1
b - Searing Ray           Conj           54%        2d6       1%          2
c - Fulminant Prism       Conj/Alch      10%        3d9       24%         4
d - Iskenderun's Mystic   Conj/Tloc      20%        2d6       24%         4

Your spell library contained the following spells:

 Spells                   Type           Power      Damage    Failure   Level
 Cigotuvi's Dreadful Rot  Necr/Alch/Air  14%        N/A       14%         2
 Dispel Undead            Necr           4%         3d7       75%         4
 Death Channel            Necr           2%         N/A       100%        6


Dungeon Overview and Level Annotations

Branches:
Dungeon (6/15)             Temple (1/1) D:5

Altars:
Ashenzari
Cheibriados
Dithmenos
Fedhas
Gozag
Makhleb
Okawaru
Qazlal
Ru
Sif Muna
Trog
Uskayaw
Vehumet
Wu Jian
Xom
Yredelemnul

Shops:
D:4 =

Annotations:
D:4 2 runed translucent doors, JaaP's ghost, novice DjFE


Innate Abilities, Weirdness & Mutations

You have very sharp fingernails.
You are partially covered in rugged brown scales. (AC +1, +3% HP)
You sometimes gain a little power by taking damage.


Message History

The orc warrior is lightly wounded.
The orc warrior shoots an arrow.
The arrow hits you but does no damage.
The searing ray misses the orc warrior.
The searing ray hits the orc!
You kill the orc!
Vehumet accepts your kill.
The orc warrior shoots an arrow.
The arrow misses you.
The searing ray hits the orc warrior.
The orc warrior is moderately wounded.
The searing ray hits the orc priest.
The orc priest is almost dead.
You finish channelling your searing ray.
The orc warrior shoots an arrow.
The arrow barely misses you.
The orc priest calls upon Beogh to heal the orc warrior.
The orc warrior is healed somewhat.
Casting: Searing Ray (safe; 1% risk of failure)
Confirm with . or Enter, or press ? or * to list all spells.
You miscast Iskenderun's Mystic Blast.
You are very lightly contaminated with residual magic.
Nothing appears to happen.
The orc warrior shoots an arrow.
The arrow hits you.
Casting: Iskenderun's Mystic Blast (quite dangerous; 24% risk of failure)
Confirm with . or Enter, or press ? or * to list all spells.
You miscast Iskenderun's Mystic Blast.
You are blasted with magical energy!
The orc warrior shoots an arrow.
The arrow hits you.
Casting: Iskenderun's Mystic Blast (quite dangerous; 24% risk of failure)
Confirm with . or Enter, or press ? or * to list all spells.
Aiming: Searing Ray (safe; 1% risk of failure)
Press: ? - help, Shift-Dir - straight line, f/p - orc priest
Aim: an orc priest, wielding a +0 morningstar (almost dead, 79% to hit)
You miscast Searing Ray.
Nothing appears to happen.
The orc warrior shoots an arrow.
The arrow hits you.
Unknown command.
The orc warrior shoots an arrow.
The arrow hits you!
* * * LOW HITPOINT WARNING * * *
You focus on the pain.
You feel agile all of a sudden.
The orc warrior shoots an arrow.
The arrow closely misses you.
The orc warrior shoots an arrow.
The arrow misses you.
The orc priest invokes the aid of Beogh against you.
Beogh smites you!
You die...

####.#.......#
..........>$.# #.<# #
#..# #.# #.#.......#
#.# #.##.##...#. #.#
####........o. #.#
........##oo.# #.#
######..@.#.).# #.#
........#.#...
#.######.....#o#..#
.###.......<...o..#..#
.....#######...)###..#
.###....# #..........#
####†###.###.#.#.##
.......#.......#
.......#.#...#.#


You could see an orc warrior and an orc priest.

Vanquished Creatures
  An orc warrior (D:5)
  A black bear (D:5)
  2 ogres (D:5)
  2 scorpions (D:5)
  A jelly (D:5)
  2 hounds
  2 orc priests (D:5)
  5 orc wizards
  9 adders
  3 gnolls (D:5)
  2 ufetubi (D:5)
  3 dart slugs
  16 orcs
  4 ball pythons
  3 endoplasms (D:3)
  A giant cockroach (D:2)
  7 goblins
  7 hobgoblins
  11 jackals
  2 quokkas (D:1)
  6 bats
  4 frilled lizards (D:1)
  4 kobolds
  4 rats
102 creatures vanquished.

Vanquished Creatures (others)
  A fulminant prism (D:5)
1 creature vanquished.

Grand Total: 103 creatures vanquished

Notes
Turn   | Place    | Note
-------+----------+-------------------------------------------
     0 | D:1      | senseless the Demonspawn Conjurer began the quest for the
                  | Orb.
     0 | D:1      | Reached XP level 1. HP: 13/13 MP: 3/3
   304 | D:1      | Gained mutation: You have sharp fingernails. [demonic
                  | ancestry]
   304 | D:1      | Reached XP level 2. HP: 19/19 MP: 0/5
   370 | D:1      | Learned a level 2 spell: Searing Ray
  1254 | D:2      | Reached XP level 3. HP: 24/24 MP: 2/6
  1481 | D:2      | Gained mutation: You have very sharp fingernails. [demonic
                  | ancestry]
  1481 | D:2      | Reached XP level 4. HP: 29/30 MP: 5/8
  3307 | D:4      | Found Jussor's Jewellery Shop.
  3456 | D:4      | Gained mutation: You sometimes gain a little power by
                  | taking damage. [demonic ancestry]
  3456 | D:4      | Reached XP level 5. HP: 34/35 MP: 6/9
  3534 | D:4      | Reached skill level 5 in Conjurations
  3978 | D:4      | Found a large runed translucent door.
  4114 | D:4      | Found a large runed translucent door.
  4116 | D:4      | Noticed JaaP's ghost (novice DjFE)
  4251 | D:4      | Learned a level 4 spell: Fulminant Prism
  4256 | D:4      | Learned a level 4 spell: Iskenderun's Mystic Blast
  4257 | D:5      | Entered Level 5 of the Dungeon
  4505 | D:5      | Noticed an ogre
  4510 | D:5      | HP: 1/35 [ogre/+0 giant club (34)]
  4512 | D:5      | Killed an ogre
  4513 | D:5      | Reached skill level 1 in Fighting
  4513 | D:5      | Gained mutation: You are partially covered in rugged brown
                  | scales. (AC +1, +3% HP) [demonic ancestry]
  4513 | D:5      | Reached XP level 6. HP: 2/44 MP: 8/11
  4921 | D:5      | Reached skill level 1 in Alchemy
  5215 | D:5      | Reached skill level 1 in Translocations
  5215 | D:5      | Reached XP level 7. HP: 51/51 MP: 4/13
  5296 | D:5      | Found a staircase to the Ecumenical Temple.
  5314 | Temple   | Entered the Ecumenical Temple
  5326 | Temple   | Became a worshipper of Vehumet
  5415 | D:5      | Found an opulent altar of Gozag.
  5422 | D:5      | Found a blossoming altar of Fedhas.
  5475 | D:5      | Found a shimmering blue altar of Sif Muna.
  5477 | D:5      | Found a stormy altar of Qazlal.
  5481 | D:5      | Found an ornate altar of the Wu Jian Council.
  6079 | D:6      | Killed from afar by an orc priest

Illustrated notes

Levels and vault maps discovered:
D:1:      dpeg_arrival_boxes_within_box, layout_loops_ring,
          nicolae_houndstooth_variations
D:2:      layout_basic
D:3:      layout_basic, kennysheep_pointless_box
D:4:      layout_basic, ebering_ghost_disaster_area, serial_shops,
          nicolae_square_shop, kennysheep_potato
D:5:      layout_rooms, nicolae_overflow_hallway_of_the_gods,
          minmay_temple_entry_nine_rooms, serial_aquarium,
          aquarium_bridge_square [aquarium_subvault_bridge,
          aquarium_subvault_window, aquarium_subvault_wall,
          aquarium_subvault_wall], aquarium_window_2, aquarium_window_corner,
          aquarium_window_1, aquarium_view_2c, aquarium_balcony_double_2,
          aquarium_pool_1
D:6:      layout_basic, nicolae_overflow_hidden_temple, kennysheep_mini_moat
Temple:   bh_familiar_temple

Skill      XL: |  1  2  3  4  5  6  7 |
---------------+----------------------+-----
Dodging        | 2 3 4 |  4.2
Spellcasting   | 3 4 |  4.8
Conjurations   | 5 |  5.7
Fighting       | 1 2 3 |  3.2
Alchemy        | 1 2 |  2.1
Translocations | 1 |  1.9
Stealth        | |  1.7

Action                     |  1- 3 |  4- 6 |  7- 9 || total
---------------------------+-------+-------+-------++-------
  Melee: Unarmed           |    22 |       |       ||    22
         Dagger            |    12 |     5 |       ||    17
         Short sword       |       |    29 |       ||    29
         Punch             |       |     1 |       ||     1
   Cast: Magic Dart        |    56 |   141 |    36 ||   233
         Searing Ray       |       |     6 |    12 ||    18
         Iskenderun's Myst |       |       |     2 ||     2
         Fulminant Prism   |       |       |     1 ||     1
    Use: Scroll            |       |     5 |     7 ||    12
         Potion            |       |       |     1 ||     1
 Armour: Robe              |    24 |    37 |    33 ||    94
  Dodge: Dodged            |    21 |    28 |    26 ||    75

Table legend: (Time is in decaauts)
 A = Elapsed time spent in this place.
 B = Non-inter-level travel time spent in this place.
 C = Inter-level travel time spent in this place.
 D = Time resting spent in this place.
 E = Time spent auto-exploring this place.
 F = Levels seen in this place.
 G = Mean time per level.
                   A        B        C        D        E       F      G
               +--------+--------+--------+--------+--------+-----+--------+
         Total |   6077 |   5829 |    248 |    775 |   4404 |   7 |  868.1 |
       Dungeon |   6054 |   5827 |    227 |    775 |   4404 |   6 | 1009.0 |
        Temple |     23 |      2 |     21 |      0 |      0 |   1 |   23.0 |
               +--------+--------+--------+--------+--------+-----+--------+

Top non-repeatable levels by time:
     D:5: 1349 daAuts
     D:4: 1291 daAuts
     D:1: 1225 daAuts
     D:3: 1070 daAuts
     D:2: 909 daAuts
     D:6: 208 daAuts
  Temple: 23 daAuts
